 Dungeon Crawl Stone Soup version 0.31-a0-240-gb923e448b6 (webtiles) character file.

Game seed: 1773309419662860121

6925 qw the Skirmisher (level 11, -8/75 HPs)
             Began as a Gargoyle Hexslinger on July 11, 2023.
             Was a Believer of Okawaru.
             Mangled by an elephant (9 damage)
             ... on level 1 of the Lair of Beasts.
             The game lasted 00:03:06 (7563 turns).

qw the Skirmisher (Gargoyle Hexslinger)             Turns: 7563, Time: 00:03:07

Health: -8/75      AC: 22    Str: 12    XL:     11   Next: 7%
Magic:  12/14      EV: 14    Int: 14    God:    Okawaru [**....]
Gold:   205        SH:  0    Dex: 16    Spells: 11/12 levels left

rFire   . . .        Y - +2 orcbow (drain)
rCold   . . .        (shield currently unavailable)
rNeg    + + .        n - +0 ring mail {rN+}
rPois   inf          c - +2 helmet
rElec   +            (no cloak)
rCorr   .            (no gloves)
SInv    .            f - +0 pair of boots
Will    .....        (no amulet)
Stlth   ++           i - +4 ring of slaying {mikee}
HPRegen 0.32/turn    (no ring)
MPRegen 0.14/turn

%: no passive effects
@: about to teleport, heroic
A: sickness immunity, AC +8, negative energy resistance 1, electricity
resistance, torment resistance 1, petrification resistance, iridescent scales 1,
robust 1
a: Renounce Religion, Heroism


You were on level 1 of the Lair of Beasts.
You worshipped Okawaru.
Okawaru was pleased with you.
You visited 2 branches of the dungeon, and saw 9 of its levels.

You collected 451 gold pieces.
You spent 246 gold pieces at shops.


Innate Abilities, Weirdness & Mutations

You are immune to sickness and miasma.
Your stone body is resilient. (AC +8)
You are immune to poison.
You resist negative energy. (rN+)
You are resistant to electric shocks. (rElec)
You are resistant to unholy torment.
You are immune to petrification.
You are partially covered in iridescent scales. (AC +2)
You are robust. (+10% HP)


   Skills:
 + Level 8.6(13.6) Fighting
 - Level 13.0(18.0) Ranged Weapons
 - Level 4.5(9.5) Armour
 - Level 3.2(8.2) Dodging
 - Level 1.0 Spellcasting
 - Level 2.6 Hexes
 - Level 4.2 Invocations


You had 11 spell levels left.
You knew the following spells:

 Your Spells              Type           Power      Damage    Failure   Level
a - Slow                  Hex            32%        N/A       17%         1

Your spell library contained the following spells:

 Spells                   Type           Power      Damage    Failure   Level
 Inner Flame              Hex/Fire       4%         N/A       65%         3
 Portal Projectile        Hex/Tloc       8%         N/A       65%         3
 Cause Fear               Hex            4%         N/A       86%         4

Inventory:

Hand Weapons
 Y - a +2 orcbow of draining (weapon)
Armour
 c - a +2 helmet (worn)
 f - a +0 pair of boots (worn)
 n - a +0 ring mail of positive energy (worn)
Jewellery
 d - a ring of ice
 i - a +4 ring of slaying (left hand) {mikee}
Scrolls
 h - 3 scrolls of identify
Potions
 b - 2 potions of haste
 g - a potion of mutation
 j - a potion of might
 k - a potion of enlightenment
 m - 2 potions of curing
 p - a potion of resistance

Dungeon Overview and Level Annotations

Branches:
Dungeon (8/15)             Temple (0/1) D:7            Lair (1/5) D:8

Altars:
Gozag
Okawaru
Qazlal
Trog
Uskayaw
Jiyva

Shops:
D:5 ?

Annotations:
D:3 1 runed translucent door, Crazy Yiuf
D:6 2 runed translucent doors, qw's ghost, amateur MiHs


Message History

The elephant trunk-slaps you but does no damage.
You shoot an arrow. The arrow barely misses the elephant.
The elephant misses you. x3
The elephant trunk-slaps you but does no damage.
The elephant misses you. The elephant barely misses you.
You shoot an arrow. The arrow hits the elephant!
The elephant is severely wounded.
The elephant barely misses you.
The elephant trunk-slaps you but does no damage.
The elephant tramples you but does no damage.
The elephant closely misses you. x2; The elephant misses you.
You shoot an arrow. The arrow hits the elephant!
The elephant is severely wounded.
You feel like a meek peon again. The elephant tramples you.
You hold your ground!
The elephant barely misses you. The elephant tramples you!
You hold your ground!
The elephant trunk-slaps you but does no damage.
The elephant closely misses you. The elephant trunk-slaps you.
7560 ||| READING scroll of teleportation.
As you read the scroll of teleportation, it crumbles to dust.
You feel strangely unstable.
The elephant tramples you but does no damage.
The elephant closely misses you. The elephant barely misses you.
The elephant trunk-slaps you but does no damage.
The elephant barely misses you. The elephant misses you.
7561 ||| INVOKING Heroism.
You gain the combat prowess of a mighty hero.
The elephant tramples you.
You hold your ground!
The elephant trunk-slaps you but does no damage.
The elephant barely misses you. The elephant closely misses you.
The elephant tramples you but does no damage.
The elephant trunk-slaps you but does no damage.
You shoot an arrow. The arrow hits the elephant!
The elephant is almost dead.
You shoot an arrow. The arrow hits the elephant!
You kill the elephant!
Okawaru accepts your kill.
The elephant tramples you but does no damage.
The elephant misses you. The elephant tramples you!
You die...

... ...8. . .#.. ......#
. ..... ....#.#..
#....##..#....#
#.......... #.lSY.#
###Y## #..YY## #...Y@#
#8.>Y8# ### ..##.....#
####.## ....#.8.##
#.....## .....#...#
#......# .........###
#......## ###
##.........#
#.......###P#
#........####........##..
..####.....##............


You could see 2 elephants, a komodo dragon, 3 yaks and a water moccasin.

Vanquished Creatures
  4 elephants (Lair:1)
  A cane toad (Lair:1)
  2 komodo dragons (Lair:1)
  8 yaks
  A wyvern (D:7)
  A steam dragon (D:6)
  2 water moccasins
  3 orc warriors
  5 black bears
  An ice beast (D:7)
  3 ogres
  3 centaurs
  2 phantoms
  A kobold brigand (D:8)
  5 bullfrogs
  Blork the orc (D:5)
  5 scorpions
  7 wights (D:8)
  5 killer bees (D:7)
  4 hounds
  6 jellies
  An orc priest (D:7)
  Ijyb (D:3)
  4 iguanas
  Natasha (thrice) (D:3)
  4 orc wizards
  Robin (D:4)
  4 adders
  2 white imps
  A worm (D:2)
  15 orcs
  2 endoplasms (D:4)
  3 giant cockroaches
  13 goblins
  10 hobgoblins
  7 jackals
  10 kobolds
  3 quokkas
  8 ball pythons
  3 bats
  3 frilled lizards
  4 rats
172 creatures vanquished.

Notes
Turn   | Place    | Note
-------+----------+-------------------------------------------
     0 | D:1      | qw the Gargoyle Hexslinger began the quest for the Orb.
     0 | D:1      | Reached XP level 1. HP: 12/12 MP: 2/2
     0 | D:1      | 0 ||| qw: Version: 0.3-a-52-g30416fa
     0 | D:1      | 0 ||| qw: Game counter: 6114
     0 | D:1      | 0 ||| qw: Melee chars always use a shield: true
     0 | D:1      | 0 ||| qw: God list: Okawaru
     0 | D:1      | 0 ||| qw: Allow faded altars: false
     0 | D:1      | 0 ||| qw: Do Orc after clearing Dungeon:15 true
     0 | D:1      | 0 ||| qw: Do second Lair branch before Depths: true
     0 | D:1      | 0 ||| qw: Lair rune preference: random
     0 | D:1      | 0 ||| qw: Goals: Normal
     0 | D:1      | 0 ||| PLANNING D:1-11
    83 | D:1      | Reached XP level 2. HP: 15/16 MP: 3/3
   115 | D:1      | Reached skill level 3 in Ranged Weapons
   415 | D:1      | Reached XP level 3. HP: 21/21 MP: 4/4
   459 | D:1      | 459 ||| READING 2 scrolls labelled FOAVVOLIF.
   468 | D:1      | 468 ||| READING scroll labelled IQULUN PEITWU.
   469 | D:1      | 469 ||| READING scroll labelled ONIBYSIYWO.
   470 | D:1      | 470 ||| DROPPING scroll of poison.
   489 | D:2      | 489 ||| STAIRDANCE
  1019 | D:2      | Identified the +9 spear "Oschuamm" {heavy, rC+ rN++}
  1270 | D:2      | 1270 ||| UPGRADING to +0 ring mail.
  1280 | D:2      | 1280 ||| DROPPING +0 robe.
  1281 | D:2      | 1281 ||| UPGRADING to +0 pair of boots.
  1286 | D:2      | 1286 ||| READING scroll labelled OMUOFUISKIOFF.
  1287 | D:2      | 1287 ||| DRINKING 2 fizzy ruby potions.
  1287 | D:2      | Gained mutation: You are robust. (+10% HP) [potion of
                  | mutation]
  1287 | D:2      | Gained mutation: You are partially covered in iridescent
                  | scales. (AC +2) [potion of mutation]
  1472 | D:3      | Reached skill level 1 in Armour
  1520 | D:3      | Noticed Natasha
  1522 | D:3      | Reached XP level 4. HP: 28/28 MP: 5/5
  1537 | D:3      | Killed Natasha
  1538 | D:3      | Reached skill level 4 in Ranged Weapons
  1605 | D:3      | Found a stormy altar of Qazlal.
  1679 | D:3      | Found a runed translucent door.
  1680 | D:3      | Noticed Crazy Yiuf
  1748 | D:3      | Identified the +1 scale mail "Xodgh" {Dex+3}
  1751 | D:3      | Noticed Natasha
  1764 | D:3      | Killed Natasha
  1919 | D:3      | Noticed Ijyb
  1929 | D:3      | Killed Ijyb
  1930 | D:3      | Reached XP level 5. HP: 33/33 MP: 6/6
  1943 | D:3      | Found an iron altar of Okawaru.
  1944 | D:3      | 1944 ||| PLANNING OKAWARU WORSHIP
  1944 | D:3      | 1944 ||| UPGRADING to +4 ring of slaying {mikee}.
  1945 | D:3      | 1945 ||| READING scroll labelled DONIOBOSEF.
  1953 | D:3      | Became a worshipper of Warmaster Okawaru
  1954 | D:3      | 1954 ||| PLANNING D:1-11
  2071 | D:3      | 2071 ||| READING 2 scrolls labelled CUASOR ELOEDUC.
  2122 | D:4      | 2122 ||| STAIRDANCE
  2126 | D:3      | 2126 ||| DRINKING potion of curing.
  2126 | D:3      | 2126 ||| (to cure confusion)
  2133 | D:3      | Reached skill level 5 in Ranged Weapons
  2233 | D:3      | Noticed Natasha
  2237 | D:3      | Killed Natasha
  2238 | D:3      | Reached skill level 3 in Fighting
  2339 | D:4      | Reached XP level 6. HP: 40/40 MP: 7/7
  2384 | D:4      | Noticed Robin
  2391 | D:4      | Killed Robin
  2439 | D:4      | Reached * piety under Okawaru
  2440 | D:4      | Reached skill level 6 in Ranged Weapons
  2597 | D:4      | Reached skill level 1 in Invocations
  2648 | D:4      | Identified the +0 pair of gloves of Tuvyeh {Rampage rN+
                  | Str+2 Dex-5}
  2709 | D:4      | 2709 ||| INVOKING Heroism.
  2716 | D:4      | HP: 4/40 [ogre/+0 giant club (15)]
  2717 | D:4      | 2717 ||| READING 2 scrolls of teleportation.
  2719 | D:4      | Reached XP level 7. HP: 6/46 MP: 5/8
  2987 | D:4      | 2987 ||| INVOKING Heroism.
  3292 | D:4      | 3292 ||| INVOKING Heroism.
  3484 | D:4      | 3484 ||| UPGRADING to +0 helmet.
  3489 | D:4      | 3489 ||| DROPPING +0 pair of gloves of Tuvyeh {Rampage rN+
                  | Str+2 Dex-5}.
  3490 | D:4      | 3490 ||| UPGRADING to +0 ring mail of positive energy.
  3500 | D:4      | 3500 ||| DROPPING +0 ring mail.
  3501 | D:4      | 3501 ||| READING 2 scrolls labelled CEAPRAOZEUTE.
  3502 | D:4      | 3502 ||| READING scroll of enchant armour.
  3502 | D:4      | 3502 ||| ENCHANTING +0 helmet.
  3503 | D:4      | 3503 ||| DRINKING 2 fizzy green potions.
  3504 | D:4      | 3504 ||| READING 2 scrolls of identify.
  3504 | D:4      | 3504 ||| IDENTIFYING black potion
  3505 | D:4      | 3505 ||| DROPPING potion of ambrosia.
  3539 | D:5      | Entered Level 5 of the Dungeon
  3651 | D:5      | 3651 ||| INVOKING Heroism.
  3659 | D:5      | Reached skill level 3 in Invocations
  3800 | D:5      | 3800 ||| INVOKING Heroism.
  3807 | D:5      | Reached skill level 7 in Ranged Weapons
  3807 | D:5      | Reached XP level 8. HP: 52/52 MP: 7/10
  3950 | D:5      | Noticed Blork the orc
  3951 | D:5      | 3951 ||| INVOKING Heroism.
  3954 | D:5      | Killed Blork the orc
  3993 | D:5      | Found Xeot Kou's Magic Scroll Shop.
  4003 | D:5      | 4003 ||| BUYING scroll of enchant armour (90 gold).
  4003 | D:5      | Bought a scroll of enchant armour for 90 gold pieces
  4003 | D:5      | 4003 ||| BUYING scroll of identify (24 gold).
  4003 | D:5      | Bought a scroll of identify for 24 gold pieces
  4003 | D:5      | 4003 ||| BUYING scroll of identify (24 gold).
  4003 | D:5      | Bought a scroll of identify for 24 gold pieces
  4003 | D:5      | 4003 ||| BUYING scroll of identify (24 gold).
  4003 | D:5      | Bought a scroll of identify for 24 gold pieces
  4003 | D:5      | 4003 ||| BUYING scroll of identify (24 gold).
  4003 | D:5      | Bought a scroll of identify for 24 gold pieces
  4003 | D:5      | 4003 ||| BUYING scroll of identify (24 gold).
  4003 | D:5      | Bought a scroll of identify for 24 gold pieces
  4003 | D:5      | 4003 ||| BUYING scroll of teleportation (36 gold).
  4003 | D:5      | Bought a scroll of teleportation for 36 gold pieces
  4003 | D:5      | 4003 ||| READING scroll of enchant armour.
  4003 | D:5      | 4003 ||| ENCHANTING +1 helmet.
  4125 | D:5      | 4125 ||| READING 7 scrolls of identify.
  4125 | D:5      | 4125 ||| IDENTIFYING viscous amethyst potion
  4126 | D:5      | 4126 ||| READING 6 scrolls of identify.
  4126 | D:5      | 4126 ||| IDENTIFYING clear potion
  4127 | D:5      | 4127 ||| READING 5 scrolls of identify.
  4127 | D:5      | 4127 ||| IDENTIFYING sapphire potion
  4128 | D:5      | 4128 ||| READING 4 scrolls of identify.
  4128 | D:5      | 4128 ||| IDENTIFYING emerald potion
  4129 | D:5      | 4129 ||| DROPPING potion of degeneration.
  4160 | D:6      | 4160 ||| INVOKING Heroism.
  4166 | D:6      | Reached skill level 8 in Ranged Weapons
  4313 | D:6      | 4313 ||| INVOKING Heroism.
  4331 | D:6      | 4331 ||| Stepping ~*~*~tactically~*~*~ (cloud).
  4469 | D:6      | 4469 ||| READING scroll of enchant weapon.
  4469 | D:6      | 4469 ||| ENCHANTING +2 sling.
  4508 | D:6      | 4508 ||| INVOKING Heroism.
  4608 | D:6      | Found a runed translucent door.
  4609 | D:6      | Noticed qw's ghost (amateur MiHs)
  4660 | D:6      | Found a runed translucent door.
  4809 | D:6      | 4809 ||| READING scroll labelled OMUCKUU QEGU.
  4837 | D:7      | Reached skill level 9 in Ranged Weapons
  4837 | D:7      | 4837 ||| STAIRDANCE
  4858 | D:7      | 4858 ||| Stepping ~*~*~tactically~*~*~ (water).
  4861 | D:7      | 4861 ||| Stepping ~*~*~tactically~*~*~ (water).
  4889 | D:7      | Noticed a wyvern
  4896 | D:7      | 4896 ||| INVOKING Heroism.
  4898 | D:7      | Killed a wyvern
  4899 | D:7      | Reached XP level 9. HP: 42/59 MP: 9/12
  5004 | D:7      | Found an opulent altar of Gozag.
  5049 | D:7      | 5049 ||| INVOKING Heroism.
  5055 | D:7      | Reached skill level 6 in Fighting
  5225 | D:7      | Found a hide-covered altar of Uskayaw.
  5252 | D:7      | 5252 ||| INVOKING Heroism.
  5268 | D:7      | 5268 ||| INVOKING Heroism.
  5270 | D:7      | HP: 12/60 [killer bee (7)]
  5271 | D:7      | 5271 ||| READING 2 scrolls of teleportation.
  5272 | D:7      | 5272 ||| DRINKING 2 potions of heal wounds.
  5295 | D:7      | 5295 ||| INVOKING Heroism.
  5435 | D:7      | 5435 ||| SWAPPING to +0 orcbow.
  5436 | D:7      | 5436 ||| DROPPING +3 sling.
  5449 | D:7      | 5449 ||| INVOKING Heroism.
  5456 | D:7      | Reached skill level 10 in Ranged Weapons
  5468 | D:7      | Reached skill level 3 in Armour
  5479 | D:7      | HP: 15/61 [yak (13)]
  5480 | D:7      | 5480 ||| READING scroll of teleportation.
  5481 | D:7      | 5481 ||| INVOKING Heroism.
  5482 | D:7      | 5482 ||| DRINKING potion of heal wounds.
  5869 | D:7      | Found a staircase to the Ecumenical Temple.
  5963 | D:7      | 5963 ||| INVOKING Heroism.
  6226 | D:7      | 6226 ||| DRINKING 2 inky potions.
  6248 | D:7      | 6248 ||| READING 7 scrolls of identify.
  6248 | D:7      | 6248 ||| IDENTIFYING grey potion
  6249 | D:7      | 6249 ||| DROPPING potion of lignification.
  6250 | D:7      | 6250 ||| DROPPING potion of brilliance.
  6276 | D:8      | Found a bloodstained altar of Trog.
  6277 | D:8      | 6277 ||| INVOKING Heroism.
  6420 | D:8      | Reached XP level 10. HP: 65/69 MP: 13/13
  6424 | D:8      | Reached skill level 11 in Ranged Weapons
  6427 | D:8      | Reached skill level 3 in Dodging
  6427 | D:8      | 6427 ||| INVOKING Heroism.
  6449 | D:8      | 6449 ||| INVOKING Heroism.
  6621 | D:8      | Found a viscous altar of Jiyva.
  6622 | D:8      | 6622 ||| INVOKING Heroism.
  6678 | D:8      | 6678 ||| INVOKING Heroism.
  6761 | D:8      | 6761 ||| SWAPPING to +2 orcbow of draining.
  6762 | D:8      | 6762 ||| DROPPING +0 orcbow.
  7126 | D:8      | Found a staircase to the Lair.
  7127 | D:8      | 7127 ||| INVOKING Heroism.
  7137 | D:8      | Reached skill level 12 in Ranged Weapons
  7340 | D:8      | 7340 ||| PLANNING LAIR
  7340 | D:8      | 7340 ||| READING 2 scrolls labelled PIVEHE UFACEGG.
  7341 | D:8      | 7341 ||| READING scroll labelled ADAKOUM KYQEV.
  7342 | D:8      | 7342 ||| READING 6 scrolls of identify.
  7342 | D:8      | 7342 ||| IDENTIFYING coppery potion
  7343 | D:8      | 7343 ||| READING 5 scrolls of identify.
  7343 | D:8      | 7343 ||| IDENTIFYING bubbling cyan potion
  7344 | D:8      | 7344 ||| READING 4 scrolls of identify.
  7344 | D:8      | 7344 ||| IDENTIFYING metallic purple potion
  7345 | D:8      | 7345 ||| DROPPING scroll of revelation.
  7346 | D:8      | 7346 ||| DROPPING potion of attraction.
  7347 | D:8      | 7347 ||| DROPPING potion of invisibility.
  7389 | Lair:1   | Entered Level 1 of the Lair of Beasts
  7427 | Lair:1   | 7427 ||| INVOKING Heroism.
  7450 | Lair:1   | 7450 ||| INVOKING Heroism.
  7527 | Lair:1   | Noticed an elephant
  7527 | Lair:1   | Noticed an elephant
  7527 | Lair:1   | Noticed an elephant
  7527 | Lair:1   | Noticed an elephant
  7527 | Lair:1   | Noticed a cane toad
  7528 | Lair:1   | Noticed an elephant
  7529 | Lair:1   | 7529 ||| INVOKING Heroism.
  7531 | Lair:1   | Noticed an elephant
  7532 | Lair:1   | Killed a cane toad
  7538 | Lair:1   | Killed an elephant
  7538 | Lair:1   | Reached ** piety under Okawaru
  7546 | Lair:1   | Killed an elephant
  7547 | Lair:1   | Reached skill level 13 in Ranged Weapons
  7547 | Lair:1   | Reached XP level 11. HP: 66/74 MP: 12/14
  7559 | Lair:1   | HP: 17/75 [elephant (6)]
  7559 | Lair:1   | HP: 4/75 [elephant (13)]
  7560 | Lair:1   | 7560 ||| READING scroll of teleportation.
  7561 | Lair:1   | 7561 ||| INVOKING Heroism.
  7561 | Lair:1   | HP: 1/75 [elephant (3)]
  7563 | Lair:1   | Mangled by an elephant

Levels and vault maps discovered:
D:1:      wheals_arrival_shading, layout_rooms
D:2:      layout_loops_cross, chequers_arboretum, kennysheep_another_room
D:3:      layout_rooms, mainiacjoe_overflow_chevrons, grunt_qazlal_sundering,
          uniq_crazy_yiuf_cottage, uniq_ijyb, uniq_natasha
D:4:      layout_basic, hangedman_feature_mirror, uniq_robin
D:5:      layout_rooms, serial_shops, shop, kennysheep_small_spiral,
          uniq_blork_the_orc
D:6:      layout_basic, ebering_ghost_sewer_f, eino_curves_04
D:7:      layout_layer_cave, eat_drink_and_be_merry_uskayaw,
          mainiacjoe_overflow_brackets, minmay_temple_entry_hall, serial_rivers,
          chequers_serial_rivers_room_b, chequers_serial_rivers_marsh,
          chequers_serial_rivers_large_a, chequers_serial_rivers_large_b,
          chequers_serial_rivers_micro_d, chequers_serial_rivers_micro_b
D:8:      layout_loops_ring, trog_butcher_becter,
          grunt_lair_entry_orc_guard_hut, jiyva_altar_1
Lair:1:   layout_cave_pods, patterned_corridor, grunt_megastairs_2, uniq_amaemon

Skill      XL: |  1  2  3  4  5  6  7  8  9 10 |
---------------+-------------------------------+-----
Ranged Weapons | 3 4 5 6 7 9 10 13 | 13.0
Fighting       | 2 3 4 5 7 8 |  8.6
Armour         | 1 2 3 4 |  4.5
Invocations    | 1 3 4 |  4.2
Dodging        | 2 3 |  3.2
Spellcasting   | |  1.0
Hexes          | |  2.6

Action                     |  1- 3 |  4- 6 |  7- 9 | 10-12 || total
---------------------------+-------+-------+-------+-------++-------
   Fire: Sling             |   158 |   131 |   219 |       ||   508
         Orcbow            |       |       |    77 |   157 ||   234
 Invoke: Heroism           |       |     1 |    17 |     9 ||    27
    Use: Scroll            |     4 |     3 |    13 |     6 ||    26
         Potion            |     1 |     1 |     4 |       ||     6
 Armour: Robe              |    16 |       |       |       ||    16
         Ring mail         |    20 |    46 |   136 |    60 ||   262
  Dodge: Dodged            |    61 |    35 |   187 |    73 ||   356

Table legend:
 A = Non-vault XP
 B = Vault XP
 C = Vault XP percentage of total XP
 D = Non-vault monster count
 E = Vault monster count
 F = Vault count percentage of total count
                 A         B        C        D         E       F
            +---------+---------+-------+---------+---------+-------
      Total |    6996 |    3381 |  32.6 |     140 |      32 |  18.6
            +---------+---------+-------+---------+---------+-------
        D:1 |      37 |       0 |   0.0 |      21 |       0 |   0.0
        D:2 |      25 |       0 |   0.0 |      14 |       0 |   0.0
        D:3 |     167 |      71 |  29.8 |      14 |       2 |  12.5
        D:4 |     579 |      33 |   5.4 |      16 |      11 |  40.7
        D:5 |     434 |      87 |  16.7 |       9 |       1 |  10.0
        D:6 |     735 |       0 |   0.0 |      15 |       0 |   0.0
        D:7 |    2004 |       0 |   0.0 |      23 |       0 |   0.0
        D:8 |    2157 |     879 |  29.0 |      25 |      13 |  34.2
     Lair:1 |     858 |    2311 |  72.9 |       3 |       5 |  62.5
            +---------+---------+-------+---------+---------+-------
